AoeStats
← fechinoo

Arena

508384926Analyzed
4v4 RM · 10d ago on Sep 22, 2026· 34m 17s· 8 players
Game mode
Random Map
Map size
Large (8 player)
Population
200
Speed
Normal
Resources
Standard
Victory
Conquest
Starting age
Dark Age
Ending age
Imperial Age
RankedLock teamsTeams togetherTeam positionsShared explorationLock speedFull tech treeHidden civsTurbo modeCheats
Victory
Defeat
🇨🇳 Goths · China
1320
+10
🇨🇳 Franks · China
1177
+15
🇨🇳 Mongols · China
1035
+21
🇨🇳 Slavs · China
942
+24
🇲🇽 Vietnamese · Mexico
1171
-18
🇨🇱 Persians · Chile
1151
-18
🇨🇳 Franks · China
1149
-17
🇨🇳 Muisca · China
1138
-17
BlankZombie18
11:13 Feudal Age
14:46 Castle Age
13:21 Double-Bit Axe
13:17 Horse Collar
19:19 Loom
19:20 Town Watch
24:05 Wheelbarrow
25:34 Hand Cart
25:40 Town Patrol
30:22 Imperial Age
27:56 Arson
28:22 Chatras
28:58 Squires
28:53 Fletching
29:13 Forging
30:36 Elite Rattan Archer
31:47 Elite Fire Lancer
wtcl
10:39 Feudal Age
14:25 Castle Age
12:44 Horse Collar
12:51 Double-Bit Axe
15:26 Bow Saw
21:13 Heavy Plow
21:38 Gold Mining
22:41 Wheelbarrow
23:36 Gold Shaft Mining
27:55 Imperial Age
25:42 Loom
25:56 Fletching
26:00 Stone Mining
26:13 Crossbowman
27:47 Thumb Ring
27:40 Bodkin Arrow
27:45 Padded Archer Armor
27:47 Herbalism
27:51 Town Watch
29:37 Chemistry
28:43 Bracer
29:41 Ballistics
29:21 Arbalester
Belisario1903
0:29 Loom
13:20 Feudal Age
15:59 Horse Collar
16:07 Double-Bit Axe
18:36 Castle Age
17:29 Wheelbarrow
18:24 Gold Mining
18:28 Stone Mining
19:37 Bow Saw
19:30 Heavy Plow
24:37 Gold Shaft Mining
25:45 Hand Cart
31:02 Imperial Age
29:30 Forging
29:24 Scale Mail Armor
30:31 Chain Mail Armor
30:51 Iron Casting
30:22 Scale Barding Armor
30:07 Fletching
32:09 Crop Rotation
32:45 Blast Furnace
31:35 Cavalier
32:15 Husbandry
32:29 Husbandry
33:10 Bloodlines
33:55 Chain Barding Armor
精锐数字
10:19 Feudal Age
13:55 Castle Age
12:19 Double-Bit Axe
19:35 Wheelbarrow
22:07 Bow Saw
23:52 Gold Mining
23:52 Stone Mining
24:01 Stone Mining
26:23 Gold Shaft Mining
30:23 Imperial Age
28:34 Hand Cart
28:28 Scale Barding Armor
28:33 Forging
28:48 Husbandry
30:36 Cavalier
31:38 Conscription
83716497273
10:10 Feudal Age
13:40 Castle Age
11:45 Double-Bit Axe
12:46 Horse Collar
15:14 Bow Saw
22:41 Wheelbarrow
22:49 Heavy Plow
23:26 Loom
23:39 Gold Mining
24:33 Hand Cart
25:27 Gold Shaft Mining
24:49 Stone Mining
28:46 Imperial Age
26:22 Scale Mail Armor
25:47 Man-at-Arms
26:27 Squires
27:24 Chain Mail Armor
27:22 Forging
26:42 Long Swordsman
28:34 Town Watch
28:47 Capped Ram
29:33 Siege Engineers
28:53 Two-Handed Swordsman
30:16 Plate Mail Armor
29:45 Siege Ram
31:04 Druzhina
31:31 Conscription
30:47 Pikeman
31:21 Champion
31:42 Halberdier
33:24 Iron Casting
35:44 Two-Man Saw
35:15 Crop Rotation
35:57 Blast Furnace
Dreamblack
11:15 Feudal Age
11:56 Double-Bit Axe
14:52 Castle Age
13:05 Horse Collar
15:57 Bow Saw
18:33 Loom
19:27 Town Watch
22:26 Heavy Plow
25:36 Wheelbarrow
25:21 Gold Mining
25:22 Stone Mining
29:23 Imperial Age
27:33 Hand Cart
27:45 Squires
27:48 Anarchy
28:23 Scale Mail Armor
28:34 Forging
27:50 Pikeman
29:20 Chain Mail Armor
30:04 Stone Shaft Mining
30:58 Iron Casting
32:11 Chemistry
31:15 Caravan
31:09 Fletching
32:26 Conscription
33:20 Elite Huskarl
33:51 Halberdier
35:41 Blast Furnace
34:36 Bodkin Arrow
fechinoo
10:30 Feudal Age
14:39 Castle Age
13:29 Double-Bit Axe
13:31 Horse Collar
20:59 Heavy Plow
21:11 Bow Saw
23:16 Wheelbarrow
23:33 Gold Mining
24:01 Stone Mining
25:27 Gold Shaft Mining
25:28 Stone Shaft Mining
26:24 Stone Shaft Mining
29:41 Imperial Age
27:54 Hand Cart
28:23 Fletching
28:54 Ballistics
29:00 Loom
29:00 Town Watch
29:55 Bodkin Arrow
31:51 Chemistry
30:52 Bracer
30:54 Husbandry
31:05 Bloodlines
31:22 Parthian Tactics
32:13 Conscription
31:52 Elite Mangudai
Otto der Große
10:46 Feudal Age
12:05 Double-Bit Axe
14:39 Castle Age
16:58 Bow Saw
21:44 Wheelbarrow
21:32 Loom
23:40 Stone Mining
23:41 Gold Mining
24:24 Scale Mail Armor
24:34 Forging
25:52 Chain Mail Armor
28:50 Imperial Age
27:24 Hand Cart
26:55 Town Watch
27:48 Iron Casting
27:07 Arson
27:22 Squires
27:07 Arson
27:22 Squires
27:07 Arson
27:22 Squires
27:08 Arson
27:23 Squires
28:35 Gold Shaft Mining
29:27 #83
31:00 Blast Furnace
30:30 Plate Mail Armor
31:00 Blast Furnace
30:43 Conscription
30:44 Elite Throwing Axeman
Connection lost

Rejoining the realm…

Still unreachable

The connection could not be restored.

Session expired

The server has moved on; the page needs a fresh start.